 Dungeon Crawl Stone Soup version 0.24.0-2-g5b39cebb1c (webtiles) character file.

Game seed: 10704200138256134847, levelgen mode: deterministic

53 Mrkan the Skirmisher (level 3, -5/33 HPs)
             Began as a Hill Orc Fighter on Oct 31, 2019.
             Killed from afar by Ijyb (10 damage)
             ... with a puff of flame
             ... on level 2 of the Dungeon.
             The game lasted 00:03:03 (1042 turns).

Mrkan the Skirmisher (Hill Orc Fighter)             Turns: 1042, Time: 00:03:04

Health: -5/33      AC:  8    Str: 18    XL:     3   Next: 87%
Magic:  3/3        EV:  7    Int:  8    God:
Gold:   63         SH:  9    Dex: 11    Spells: 2/2 levels left

rFire    . . .     SeeInvis .   a - +0 war axe
rCold    . . .     Gourm    .   c - +0 shield
rNeg     . . .     Faith    .   b - +0 scale mail
rPois    .         Spirit   .   (no helmet)
rElec    .         Reflect  .   e - +0 cloak
rCorr    .         Harm     .   (no gloves)
MR       .....                  (no boots)
Stlth    ..........             (no amulet)
HPRegen  0.11/turn              (no ring)
MPRegen  0.08/turn              (no ring)

@: no status effects
A: no striking features
a: no special abilities


You were on level 2 of the Dungeon.
You were not hungry.

You visited 1 branch of the dungeon, and saw 2 of its levels.

You collected 63 gold pieces.

Inventory:

Hand Weapons
 a - a +0 war axe (weapon)
Armour
 b - a +0 scale mail (worn)
 c - a +0 shield (worn)
 e - a +0 cloak (worn)
Scrolls
 h - a scroll of fear {unknown}
 l - a scroll of amnesia {unknown}
 m - a scroll of magic mapping {unknown}
 n - a scroll of identify {unknown}
 o - a scroll of random uselessness {unknown}
Potions
 d - a potion of might
 i - a potion of haste {unknown}
 j - a potion of lignification {unknown}
 k - a potion of degeneration {unknown}
Comestibles
 f - 4 rations
 g - 6 chunks of flesh


   Skills:
 + Level 4.1 Fighting
 * Level 4.0 Axes
 + Level 3.7 Armour
 + Level 3.7 Shields


You had 2 spell levels left.
You didn't know any spells.
Your spell library was empty.

Dungeon Overview and Level Annotations

Branches:
Dungeon (2/15)

Altars:

Annotations:
D:2 Ijyb


Message History

Ijyb is moderately wounded.
Ijyb hits you but does no damage.
You closely miss Ijyb.
Ijyb is moderately wounded.
Ijyb hits you with a +0 club.
* * * LOW HITPOINT WARNING * * *
You hit Ijyb.
Ijyb is heavily wounded.
You block Ijyb's attack.
Ijyb zaps a wand.
The puff of flame hits you.
* * * LOW HITPOINT WARNING * * *
Your shield and scale mail prevent you from hitting Ijyb.
Ijyb is heavily wounded.
Ijyb hits you but does no damage.
You hit Ijyb but do no damage.
Ijyb is heavily wounded.
You block Ijyb's attack.
You hit Ijyb.
Ijyb is heavily wounded.
Ijyb zaps a wand.
The puff of flame hits you!
You die...

... #...#. ....#.##.#
###8.....8# ..#....#.
##.#.......# ###.....
##..#8.....8# .# #...#
#...#.......# ## #...#
#...#8.....8# #
#...#######.#.#.......# ##
#.>......##.#@#8g..g.8####
.###...####.##.#g#g.g.......#
........>......#g#..g.......#
...............#g#gg........#
..............##g#(#.##.....#
.###...####.####gg...# .....#
.# .........# #.....# #####.
##.#...#.#### #.....##
#.#...#.# #......#


You could see Ijyb and 5 goblins.

Vanquished Creatures
  An adder (D:2)
  A worm (D:2)
  3 dart slugs (D:1)
  A leopard gecko (D:2)
  A ball python (D:1)
  A giant cockroach (D:1)
  9 goblins
  3 hobgoblins
  4 kobolds (D:1)
  4 bats (D:1)
  6 frilled lizards
  2 rats (D:1)
36 creatures vanquished.

Notes
Turn   | Place    | Note
-------+----------+-------------------------------------------
     0 | D:1      | Mrkan the Hill Orc Fighter began the quest for the Orb.
     0 | D:1      | Reached XP level 1. HP: 19/19 MP: 1/1
   137 | D:1      | Reached XP level 2. HP: 27/27 MP: 2/2
   405 | D:1      | Reached XP level 3. HP: 26/33 MP: 3/3
   998 | D:2      | Noticed Ijyb
  1042 | D:2      | Killed from afar by Ijyb

Levels and vault maps discovered:
D:1:      eino_arrival_cavern_a, layout_basic
D:2:      kennysheep_the_goblin_king, layout_loops_cross, old_standard_altar,
          serial_bayou, serial_bayou_pond_b, serial_bayou_lagoon_a,
          serial_bayou_pond_d, serial_bayou_pond_a, first_ration,
          minmay_misc_feat_ornament, minmay_unequal

Skill      XL: |  1  2  3 |
---------------+----------+-----
Axes           | 3 4 |  4.0
Fighting       | 4 |  4.1
Armour         | |  3.7
Shields        | |  3.7

Action                   || total
-------------------------++-------
Melee: War axe           ||   166
  Eat: Chunk             ||     1
Armor: Scale mail        ||    66
Dodge: Dodged            ||    44
Block: Shield            ||    86
